 Dungeon Crawl Stone Soup version 0.29.1-15-g9cfb28693d (webtiles) character file.

Game seed: 16790845782038680359

228061 IndexError the Basher (level 18, -8/149 HPs)
             Began as a Gnoll Hedge Wizard on Mar 8, 2023.
             Was a High Priest of Ashenzari.
             Mangled by a war gargoyle
             ... wielding a +0 flail
             ... led by a peacekeeper
              (28 damage)
             ... on level 13 of the Dungeon.
             The game lasted 03:31:28 (40697 turns).

IndexError the Basher (Gnoll Hedge Wizard)         Turns: 40697, Time: 03:31:28

Health: -8/149     AC: 22    Str: 11    XL:     18   Next: 94%
Magic:  33/39      EV: 22    Int: 29    God:    Ashenzari [*****.]
Gold:   2520       SH:  9    Dex: 12    Spells: 2/51 levels left

rFire   + . .      SeeInvis +   a - +9 lance "Wyrmbane" {slay drac, rPois rF+ rC+ AC+3, Cun, Bglg} (curse)
rCold   + + +      Faith    .   I - +1 buckler "Pangnostic Ordeal" {rC+, Elem, Fort} (curse)
rNeg    . . .      Spirit   .   X - +2 leather armour of Curses and Power {rC+, Bglg, Elem} (curse)
rPois   +          Reflect  .   x - +2 helmet {Int+3}
rElec   .          Harm     .   M - +2 cloak of Ashenzari's Disgust {Alch, Elem} (curse)
rCorr   .          Rampage  .   U - +2 pair of gloves "At What Cost Knowledge?" {Alch, Elem} (curse)
Will    +....      Clarity  +   H - +0 pair of boots "Prescient Morality" {Cun, Elem} (curse)
Stlth   ++++++++++              s - amulet of the Wild Blue Yonder {Regen+ Int+6 Slay+3, Elem, Bglg} (curse)
HPRegen 1.14/turn               T - ring of the Sidereal Sage {EV+4, Self, Range} (curse)
MPRegen 0.26/turn               y - ring of Shadows {Umbra +Inv Stlth+}

@: marked, wreathed by umbra, studying 2 skills
A: fangs 1, strong nose, distributed training
}: 2/15 runes: barnacled, gossamer
a: Renounce Religion, Evoke Invisibility, Shatter the Chains


You were on level 13 of the Dungeon.
You worshipped Ashenzari.
Ashenzari was extremely pleased with you.
You visited 7 branches of the dungeon, and saw 32 of its levels.
You visited the Abyss 1 time.
You also visited: Gauntlet, Ice Cave and Volcano.

You collected 4413 gold pieces.
You spent 1893 gold pieces at shops.

Inventory:

Hand Weapons
 a - the cursed +9 lance "Wyrmbane" (weapon) {slay drac, rPois rF+ rC+ AC+3, Cun, Bglg}
   (You bought it in a shop on level 1 of the Orcish Mines)

   It inflicts extra damage against dragons and draconians.
   AC:        It affects your AC (+3).
   rF:        It protects you from fire.
   rC:        It protects you from cold.
   rPois:     It protects you from poison.
   It has a curse which improves the following skills: Cunning: Dodging and
   Stealth.
   Beguiling: Conjurations, Hexes and Translocations.
 b - the +10 sling "Bobeggesk" {vorpal, +Blink}
   (You found it on level 5 of the Dungeon)

   Any ammunition fired from it inflicts extra damage upon your enemies.
   +Blink:    It lets you blink.
Missiles
 i - 8 curare-tipped darts
 r - 24 javelins (quivered)
 z - 2 throwing nets {=f, !d}
 E - 4 atropa-tipped darts
 S - 5 boomerangs of dispersal {=f}
 V - 9 silver javelins
Armour
 x - a +2 helmet of intelligence (worn)
   (You found it on level 5 of the Lair of Beasts)
 H - the cursed +0 pair of boots "Prescient Morality" (worn) {Cun, Elem}
   (You found it on level 7 of the Dungeon)

   It has a curse which improves the following skills: Cunning: Dodging and
   Stealth.
   Elements:  Fire Magic, Ice Magic, Air Magic and Earth Magic.
 I - the cursed +1 buckler "Pangnostic Ordeal" (worn) {rC+, Elem, Fort}
   (You found it in an ice cave)

   It has a curse which improves the following skills: Elements: Fire Magic, Ice
   Magic, Air Magic and Earth Magic.
   Fortitude: Armour and Shields.
 M - the cursed +2 cloak of Ashenzari's Disgust (worn) {Alch, Elem}
   (You took it off Maurice on level 7 of the Dungeon)

   It has a curse which improves the following skills: Alchemy: Poison Magic and
   Transmutations.
   Elements:  Fire Magic, Ice Magic, Air Magic and Earth Magic.
 U - the cursed +2 pair of gloves "At What Cost Knowledge?" (worn) {Alch, Elem}
   (You found it on level 15 of the Dungeon)

   It has a curse which improves the following skills: Alchemy: Poison Magic and
   Transmutations.
   Elements:  Fire Magic, Ice Magic, Air Magic and Earth Magic.
 X - the cursed +2 leather armour of Curses and Power (worn) {rC+, Bglg, Elem}
   (You took it off a meliai on level 2 of the Lair of Beasts)

   It has a curse which improves the following skills: Beguiling: Conjurations,
   Hexes and Translocations.
   Elements:  Fire Magic, Ice Magic, Air Magic and Earth Magic.
Jewellery
 j - a ring of positive energy {rN+}
   (You found it on level 2 of the Dungeon)
 s - the cursed amulet of the Wild Blue Yonder (around neck) {Regen+ Int+6 Slay+3, Elem, Bglg}
   (You found it in a Gauntlet)

   [amulet of regeneration]

   Int:       It affects your intelligence (+6).
   Slay:      It affects your accuracy & damage with ranged weapons and melee
   (+3).
   Regen:     It increases your rate of health regeneration.
   It has a curse which improves the following skills: Elements: Fire Magic, Ice
   Magic, Air Magic and Earth Magic.
   Beguiling: Conjurations, Hexes and Translocations.
 u - a ring of resist corrosion
   (You found it on level 13 of the Dungeon)
 y - the ring of Shadows (right hand) {Umbra +Inv Stlth+}
   (You found it in a Gauntlet)

   [ring of stealth]

   It surrounds you with an aura of shadow, increasing your stealth and reducing
   the accuracy of all others within it.
   +Inv:      It lets you turn invisible.
   Stlth:     It makes you more stealthy.
 T - the cursed ring of the Sidereal Sage (left hand) {EV+4, Self, Range}
   (You found it on level 9 of the Dungeon)

   [ring of evasion]

   EV:        It affects your evasion (+4).
   It has a curse which improves the following skills: Introspection: Fighting
   and Spellcasting.
   Ranged Combat: Ranged Weapons and Throwing.
Wands
 k - a wand of acid (13)
   (You found it on level 6 of the Dungeon)
 w - a wand of paralysis (45)
   (You found it on level 3 of the Dungeon)
 D - a wand of polymorph (16)
   (You found it on level 6 of the Dungeon)
 F - a wand of iceblast (19)
   (You found it on level 6 of the Dungeon)
 J - a wand of mindburst (29)
   (You found it on level 7 of the Dungeon)
Scrolls
 e - 3 scrolls of fear
 l - a scroll of teleportation
 n - 3 scrolls of magic mapping {!r}
 C - a scroll of enchant armour
 K - 4 scrolls of silence
 L - 6 scrolls of poison {!r}
 N - 7 scrolls of butterflies
 O - a scroll of summoning
 Q - 7 scrolls of vulnerability {!r!r}
 R - 5 scrolls of immolation {!r}
 W - 2 scrolls of blinking {!r}
Potions
 c - 3 potions of cancellation
 d - 4 potions of magic
 f - 5 potions of ambrosia
 m - 7 potions of mutation {!q}
 p - 2 potions of haste
 q - 2 potions of heal wounds
 t - 9 potions of curing
 v - 4 potions of flight
 A - 5 potions of might
 B - a potion of invisibility
 G - 6 potions of lignification {!q}
 P - 6 potions of resistance
 Y - 4 potions of brilliance
Miscellaneous
 h - a tin of tremorstones (2/2)
   (You found it in a Gauntlet)
 o - a box of beasts
   (You found it on level 4 of the Shoals)
 Z - a condenser vane
   (You found it in a Gauntlet)


   Skills:
 + Level 13.1(15.4) Fighting
 + Level 13.1 Short Blades
 + Level 13.1 Long Blades
 + Level 13.1 Axes
 + Level 14.9 Maces & Flails
 + Level 13.1 Polearms
 + Level 13.1 Staves
 + Level 13.1(15.4) Ranged Weapons
 + Level 13.1(15.4) Throwing
 + Level 13.1(15.4) Armour
 + Level 13.9(17.3) Dodging
 + Level 13.8(17.1) Stealth
 + Level 13.1(15.4) Shields
 + Level 13.1 Unarmed Combat
 + Level 14.8(17.0) Spellcasting
 + Level 11.4(15.9) Conjurations
 + Level 11.1(15.6) Hexes
 + Level 11.4 Summonings
 + Level 11.1 Necromancy
 + Level 11.4(15.9) Translocations
 + Level 11.1(14.6) Transmutations
 + Level 11.1(18.3) Fire Magic
 + Level 13.8(21.0) Ice Magic
 + Level 11.1(18.3) Air Magic
 + Level 11.1(18.3) Earth Magic
 + Level 11.1(14.6) Poison Magic
 + Level 14.2 Invocations
 + Level 13.1 Evocations


You had 2 spell levels left.
You knew the following spells:

 Your Spells              Type           Power      Damage    Failure   Level
a - Freezing Cloud        Conj/Ice/Air   46%        6-21      1%          5
b - Blink                 Tloc           100%       N/A       0%          2
c - Call Imp              Summ           74%        N/A       1%          2
d - Orb of Destruction    Conj           43%        9d12      3%          7
e - Call Canine Familiar  Summ           74%        N/A       1%          3
f - Statue Form           Tmut/Erth      58%        N/A       1%          6
g - Olgreb's Toxic Radia  Pois           83%        N/A       1%          4
h - Irradiate             Conj/Tmut      42%        3d25      1%          5
i - Summon Lightning Spi  Summ/Air       84%        N/A       1%          4
j - Airstrike             Air            46%        2d(7-23)  0%          4
k - Simulacrum            Ice/Necr       43%        N/A       1%          6
s - Slow                  Hex            100%       N/A       0%          1

Your spell library contained the following spells:

 Spells                   Type           Power      Damage    Failure   Level
 Foxfire                  Conj/Fire      100%       2x1d9     0%          1
 Freeze                   Ice            100%       1d11      0%          1
 Magic Dart               Conj           100%       1d8       0%          1
 Sandblast                Erth           100%       2d20      0%          1
 Shock                    Conj/Air       100%       1d9       0%          1
 Sting                    Tmut/Pois      100%       1d8       0%          1
 Ensorcelled Hibernation  Hex/Ice        100%       N/A       0%          2
 Passwall                 Tmut/Erth      73%        N/A       0%          2
 Poisonous Vapours        Pois/Air       100%       N/A       0%          2
 Searing Ray              Conj           100%       2d8       0%          2
 Wereblood                Tmut           83%        N/A       0%          2
 Summon Small Mammal      Summ           100%       N/A       1%          1
 Sublimation of Blood     Necr           74%        N/A       1%          2
 Confusing Touch          Hex            86%        N/A       0%          3
 Conjure Flame            Conj/Fire      90%        6-21      0%          3
 Frozen Ramparts          Ice            100%       1d16      0%          3
 Ignite Poison            Fire/Tmut/Pois 86%        N/A       0%          3
 Inner Flame              Hex/Fire       89%        N/A       0%          3
 Lesser Beckoning         Tloc           86%        N/A       0%          3
 Mephitic Cloud           Conj/Pois/Air  87%        N/A       0%          3
 Ozocubu's Armour         Ice            98%        N/A       0%          3
 Portal Projectile        Hex/Tloc       100%       N/A       0%          3
 Stone Arrow              Conj/Erth      100%       3d13      0%          3
 Swiftness                Air            92%        N/A       0%          3
 Tukima's Dance           Hex            86%        N/A       0%          3
 Hailstorm                Conj/Ice       93%        3d18      0%          4
 Ice Form                 Ice/Tmut       91%        N/A       0%          4
 Summon Guardian Golem    Hex/Summ       80%        N/A       1%          3
 Vampiric Draining        Necr           74%        2d11      1%          3
 Anguish                  Hex/Necr       40%        N/A       1%          4
 Animate Dead             Necr           74%        N/A       1%          4
 Cause Fear               Hex            43%        N/A       1%          4
 Fulminant Prism          Conj/Hex       43%        3d20      1%          4
 Leda's Liquefaction      Hex/Erth       44%        N/A       1%          4
 Blade Hands              Tmut           41%        N/A       1%          5
 Lee's Rapid Deconstruct  Erth           46%        3d23*     1%          5
 Lightning Bolt           Conj/Air       45%        1d65      1%          5
 Manifold Assault         Tloc           86%        N/A       1%          5
 Metabolic Englaciation   Hex/Ice        46%        N/A       1%          5
 Starburst                Conj/Fire      45%        6d13      1%          6
 Storm Form               Tmut/Air       44%        N/A       2%          7
 Enfeeble                 Hex            43%        N/A       3%          7
 Dragon Form              Tmut           41%        N/A       5%          7
 Malign Gateway           Summ/Tloc      40%        N/A       8%          7
 Spellforged Servitor     Conj/Summ      40%        N/A       8%          7
 Maxwell's Capacitive Co  Air            46%        ∞         9%          8
 Haunt                    Necr/Summ      37%        N/A       21%         7
 Summon Hydra             Summ           37%        N/A       21%         7
 Discord                  Hex            43%        N/A       26%         8
 Polar Vortex             Ice            49%        N/A       41%         9
 Infestation              Necr           37%        N/A       86%         8


Dungeon Overview and Level Annotations

Branches:
Dungeon (15/15)            Temple (1/1) D:5            Lair (5/5) D:10
 Shoals (4/4) Lair:3       Spider (4/4) Lair:2        Slime (0/5) Lair:5
    Orc (2/2) D:12            Elf (0/3) Orc:2        Vaults (1/5) D:13
 Depths (0/4) D:15          IceCv (visited)         Volcano (visited)
Gauntlet (visited)

Altars:
Ashenzari
Cheibriados
Dithmenos
Elyvilon
Fedhas
Gozag
Hepliaklqana
Kikubaaqudgha
Makhleb
Nemelex Xobeh
Okawaru
Qazlal
Ru
Sif Muna
Trog
Uskayaw
Vehumet
Wu Jian
Xom
Yredelemnul
Zin
The Shining One
Jiyva

Shops:
D:10 :   D:12 (?   D:14 [   Orc:1 (   Orc:2 =::*   Shoals:1 (   Shoals:3 :

Annotations:
D:11 Open vault, 2 exclusions
Lair:5 exclusion: 3 doors
Spider:1 2 transporters, exclusion: orange crystal statue, Flure's ghost, adept DsFE


Innate Abilities, Weirdness & Mutations

You have very sharp teeth.
Your uncanny sense of smell can sniff out nearby items.
Your experience applies equally to all skills.


Message History

Your lindwurm simulacrum bites the ironbound frostheart but does no damage.
Your lindwurm simulacrum claws the ironbound frostheart but does no damage. x2
The ironbound frostheart touches your lindwurm simulacrum!!
The ironbound frostheart freezes your lindwurm simulacrum.
Your lindwurm simulacrum completely resists.
You take 21 damage, and have 172/193 hp.
The war gargoyle launches metal splinters at you.
The spray of metal splinters hits you but does no damage.
A yaktaur comes into view.
Your lindwurm simulacrum bites the wizard!
Your lindwurm simulacrum freezes the wizard!!
The purple ugly thing basks in the mutagenic energy from its kin and changes!
You block the war gargoyle's attack.
You regained 2 hp, and now have 174/193 hp.
The ironbound frostheart calls freezing cold from the walls.
The frost grips you!! You partially resist.
The frost grips your lindwurm simulacrum!!
Your lindwurm simulacrum partially resists.
The ironbound preserver mumbles some strange words.
The ironbound preserver begins to accept its allies' injuries.
A deep troll comes into view.
The ironbound preserver hits you with a +0 great mace!
The war gargoyle launches metal splinters at you.
The spray of metal splinters misses you.
You take 31 damage, and have 143/193 hp.
The ironbound preserver attacks as you move away!
The ironbound preserver misses you. The ice encasing you melts away.
You block the war gargoyle's attack.
A deep troll comes into view.
The ironbound frostheart calls freezing cold from the walls.
The frost grips you! You partially resist.
You are encased in ice.
A deep troll comes into view.
The yaktaur wields a +0 arbalest.
The yaktaur shoots a bolt.
You block the bolt.
The ironbound frostheart calls freezing cold from the walls.
The frost grips you. You partially resist.
The ironbound preserver closely misses you.
Your lindwurm simulacrum bites the ironbound frostheart.
Your lindwurm simulacrum freezes the ironbound frostheart.
The ironbound frostheart resists.
Your lindwurm simulacrum claws the ironbound frostheart.
Your lindwurm simulacrum freezes the ironbound frostheart.
The ironbound frostheart resists.
Your lindwurm simulacrum claws the ironbound frostheart.
Your lindwurm simulacrum freezes the ironbound frostheart!
The ironbound frostheart resists.
The yaktaur shoots a bolt.
The bolt hits you but does no damage. The war gargoyle completely misses you.
The war gargoyle hits you but does no damage.
The ironbound preserver attacks as you move away!
The ironbound preserver hits you but does no damage.
You revert to your normal fleshy form.
The cursed +2 pair of gloves "At What Cost Knowledge?" {Alch, Elem} unmelds from your body.
The cursed +0 pair of boots "Prescient Morality" {Cun, Elem} unmelds from your body.
The cursed +2 leather armour of Curses and Power {rC+, Bglg, Elem} unmelds from your body.
You feel resistant to cold.
The war gargoyle hits you with a +0 flail!!
The war gargoyle closely misses you.
The ironbound frostheart calls freezing cold from the walls.
The frost grips you but does no damage.
The war gargoyle hits you with a +0 flail.
The red ugly thing is engulfed in freezing vapours.
The war gargoyle hits you with a +0 morningstar of protection!
There is an open door, spattered with blood here.
You now have 60/149 hp.
The ironbound frostheart calls freezing cold from the walls.
The frost grips you. The ice encasing you melts away.
You block the war gargoyle's attack.
You regained 2 hp, and now have 62/149 hp.
The war gargoyle launches metal splinters at you.
The spray of metal splinters hits you but does no damage.
The purple ugly thing basks in the mutagenic energy from its kin and changes!
The deep troll attacks as you move away!
The deep troll bites you! The deep troll claws you! The deep troll misses you.
There is a gate leading back out of this place here.
You take 16 damage, and have 48/149 hp.
You block the war gargoyle's attack.
The deep troll bites you but does no damage.
The deep troll claws you but does no damage. x2
You go up through the gate.
Welcome back to the Dungeon!
There is a gate to the Vaults here.
You regained 3 hp, and now have 51/149 hp.
The war gargoyle hits you with a +0 flail!!
* * * LOW HITPOINT WARNING * * *
The war gargoyle launches metal splinters at you.
The spray of metal splinters misses you.
You take 19 damage, and have 32/149 hp.
You see here a +0 robe.
The war gargoyle hits you with a +0 flail!
* * * LOW HITPOINT WARNING * * *
You take 15 damage, and have 19/149 hp.
You hit the war gargoyle but do no damage.
The war gargoyle hits you but does no damage.
You hit the war gargoyle.
You hit the war gargoyle but do no damage.
You bite the war gargoyle, but do no damage.
The war gargoyle hits you with a +0 flail!!
You die...

################.### #.....##
..........######.### ##.#####
.#####.#..######.#######.####
######.##.#####..[######.##
######.##.......∩.[.![[..##
### ##.########...#########
##.#########T##########
###.#########9### ##....##
#####@#### #.....##
#.###....# ##...^##
#.#####..# ##.####
##.####..## ##.###
##.####.### ##.## ##.####.##
##.## ##......## ##.##
######..## ##.## #####..#


You could see a deep troll and a war gargoyle.

Vanquished Creatures
  Kirke (Spider:4)
  A frost giant (Shoals:2)
  3 emperor scorpions
  Louise (D:14)
  7 ghost moths
  An ironbound preserver (Vaults:1)
  An ironbound thunderhulk (Vaults:1)
  A minotaur (Gauntlet)
  2 spark wasps (Spider:3)
  3 merfolk javelineers
  6 merfolk impalers
  Fannar (D:10)
  5 vault guards (D:13)
  A boulder beetle (Lair:2)
  A radroach (Spider:2)
  2 merfolk avatars
  An alligator snapping turtle (Shoals:3)
  6 centaur warriors
  2 ironbound frosthearts (Vaults:1)
  A merfolk aquamancer (Shoals:2)
  3 two-headed ogres
  6 tengu warriors
  3 orc high priests (Orc:2)
  Urug (D:10)
  4 death yaks
  Sonja (D:13)
  3 steelbarb worms
  6 sea snakes
  2 orb spiders
  Pikel (D:6)
  3 wizards
  9 harpies
  A necromancer (D:15)
  2 ironbound convokers (Vaults:1)
  6 lindwurms
  2 ugly things (D:13)
  5 orc knights
  3 deep elf pyromancers
  7 wolf spiders
  4 orc sorcerers (Orc:2)
  A moth of wrath (Spider:3)
  7 cyclopes
  14 manticores
  4 fauns
  A centaur zombie (D:15)
  A worldbinder (Gauntlet)
  9 elephants
  Joseph (D:7)
  An ice statue (IceCv)
  A merfolk siren (Lair:3)
  3 water nymphs
  2 black mambas
  2 vault sentinels (Vaults:1)
  Maurice (D:7)
  3 torpor snails (Spider:4)
  3 naga magi (D:15)
  6 komodo dragons
  An unseen horror (D:10)
  A gargoyle (D:12)
  A rime drake (Lair:5)
  9 cane toads
  A centaur skeleton (D:15)
  2 yaktaurs
  2 demonic crawlers
  2 efreet
  A freezing wraith (IceCv)
  A kobold demonologist (D:11)
  A tengu conjurer (D:15)
  8 ice devils
  15 merfolk
  4 trolls
  4 meliai
  A hornet (D:9)
  2 snapping turtles
  5 slime creatures
  Grinder (D:3)
  2 polar bears
  9 tarantellas
  6 dream sheep
  12 blink frogs
  3 shadows
  10 jumping spiders
  A centaur simulacrum (Gauntlet)
  4 ynoxinuls (D:12)
  2 vampires
  7 culicivoras
  A dire elephant simulacrum (IceCv)
  46 yaks
  4 water elementals
  A golden eye (shapeshifter) (D:13)
  3 wyverns
  A yak (shapeshifter) (D:15)
  Grum (D:8)
  15 redbacks
  2 basilisks
  2 vampire mosquitoes (D:13)
  A death yak simulacrum (IceCv)
  Menkaure (D:7)
  A warg (Orc:2)
  A spectral cane toad (Lair:5)
  A naga (shapeshifter) (Abyss:2)
  14 water moccasins
  3 acid dragons
  A hydra simulacrum (IceCv)
  17 orc warriors
  An ice beast (D:8)
  A sky beast (D:6)
  A small abomination (Abyss:2)
  A boggart (Gauntlet)
  19 wolves
  5 ogres
  16 centaurs
  A lemure (D:6)
  2 phantoms
  Blork the orc (D:6)
  A kobold brigand (D:7)
  18 bullfrogs
  A gnoll sergeant (D:11)
  2 necrophages
  A scorpion (D:5)
  3 two-headed ogre simulacra (IceCv)
  5 wights (D:9)
  4 jellies
  2 elephant simulacra (IceCv)
  4 killer bees (Lair:2)
  An electric eel (D:7)
  A gnoll bouda (D:6)
  A hound (D:4)
  15 orc priests
  4 iguanas
  Jessica (D:2)
  2 boggart zombies (D:15)
  19 orc wizards
  A wolf simulacrum (IceCv)
  9 gnolls
  11 adders
  2 naga simulacra (IceCv)
  2 shadow imps (Gauntlet)
  3 white imps
  5 ufetubi (IceCv)
  6 worms
  2 dart slugs (D:1)
  54 orcs
  4 endoplasms
  3 giant cockroaches
  11 hobgoblins
  9 jackals
  4 quokkas
  9 ball pythons
  5 bats
  A frilled lizard (D:1)
  5 goblins
  18 kobolds
  3 rats
  A butterfly (Lair:2)
714 creatures vanquished.

Vanquished Creatures (collateral kills)
  Mlioglotl (Spider:3)
  An acid blob (Spider:4)
  Agnes (Spider:2)
  Roxanne (Spider:4)
  5 emperor scorpions
  A reaper (IceCv)
  2 spark wasps
  3 entropy weavers (Spider:4)
  3 merfolk javelineers (Shoals:4)
  8 merfolk impalers
  A great orb of eyes (Vaults:1)
  3 vault guards (D:13)
  2 hydras
  2 boulder beetles (Spider:3)
  2 jorogumos
  3 merfolk aquamancers (Shoals:4)
  2 alligator snapping turtles (Shoals:4)
  4 radroaches
  2 centaur warriors
  A satyr (Shoals:4)
  A sun moth (Spider:3)
  5 pharaoh ants
  2 sea snakes
  2 steelbarb worms (Spider:4)
  8 orb spiders
  An orc knight (D:15)
  An ironbound convoker (Vaults:1)
  A wizard (Vaults:1)
  5 harpies
  An oklob plant (Spider:4)
  An orc sorcerer (Orc:2)
  12 wolf spiders
  9 cyclopes
  2 ugly things
  A manticore (Shoals:3)
  3 merfolk sirens
  A moth of wrath (Spider:1)
  A faun (Shoals:3)
  A vault sentinel (Vaults:1)
  A water nymph (Shoals:2)
  A cane toad (Lair:4)
  5 torpor snails
  Maggie (Lair:2)
  A komodo dragon (Lair:4)
  6 demonic crawlers
  3 ice devils
  2 tengu conjurers
  A meliai (D:13)
  14 merfolk
  14 tarantellas
  5 wind drakes
  4 dream sheep
  4 slime creatures
  7 snapping turtles
  15 jumping spiders
  14 culicivoras
  2 centaur simulacra (Gauntlet)
  5 water elementals
  A shadow (D:13)
  A wraith (D:13)
  2 yaks
  32 redbacks
  4 hogs (Spider:4)
  6 acid dragons (Spider:4)
  2 wargs (D:15)
  2 orc warriors
  An ice dragon simulacrum (Gauntlet)
  An ogre (D:15)
  5 centaurs (D:14)
  2 wolves (Lair:5)
  A cane toad simulacrum (IceCv)
  An elephant simulacrum (IceCv)
  2 orc priests (D:15)
  2 orc wizards (Orc:2)
  2 naga simulacra (IceCv)
  A plant (Shoals:2)
279 creatures vanquished.

Vanquished Creatures (others)
  A chaos spawn (Abyss:2)
  2 fulminant prisms (D:14)
  9 fungi
  A lurking horror (Abyss:2)
  93 plants
  5 starspawn tentacles (Abyss:2)
  5 toadstools (D:7)
  2 withered plants (D:3)
118 creatures vanquished.

Grand Total: 1111 creatures vanquished

Notes
Turn   | Place    | Note
-------+----------+-------------------------------------------
     0 | D:1      | IndexError the Gnoll Hedge Wizard began the quest for the
                  | Orb.
     0 | D:1      | Reached XP level 1. HP: 13/13 MP: 8/8
   147 | D:1      | Reached skill level 2 in Conjurations
   147 | D:1      | Reached skill level 2 in Summonings
   147 | D:1      | Reached skill level 2 in Translocations
   226 | D:1      | Reached XP level 2. HP: 19/19 MP: 1/10
  1008 | D:1      | Reached XP level 3. HP: 25/25 MP: 7/11
  1810 | D:2      | Reached skill level 1 in Invocations
  2049 | D:2      | Reached skill level 1 in Fighting
  2049 | D:2      | Reached skill level 1 in Short Blades
  2049 | D:2      | Reached skill level 1 in Long Blades
  2049 | D:2      | Reached skill level 1 in Axes
  2049 | D:2      | Reached skill level 1 in Maces & Flails
  2049 | D:2      | Reached skill level 1 in Polearms
  2049 | D:2      | Reached skill level 1 in Staves
  2049 | D:2      | Reached skill level 1 in Ranged Weapons
  2049 | D:2      | Reached skill level 1 in Throwing
  2049 | D:2      | Reached skill level 1 in Armour
  2049 | D:2      | Reached skill level 1 in Shields
  2049 | D:2      | Reached skill level 1 in Unarmed Combat
  2049 | D:2      | Reached skill level 1 in Evocations
  2305 | D:2      | Reached XP level 4. HP: 26/32 MP: 3/13
  2595 | D:2      | Learned a level 2 spell: Blink
  2598 | D:2      | Learned a level 2 spell: Call Imp
  2600 | D:2      | Learned a level 1 spell: Slow
  2788 | D:2      | Noticed Jessica
  2792 | D:2      | Killed Jessica
  2793 | D:2      | Reached skill level 1 in Hexes
  2793 | D:2      | Reached skill level 1 in Necromancy
  2793 | D:2      | Reached skill level 1 in Transmutations
  2793 | D:2      | Reached skill level 1 in Fire Magic
  2793 | D:2      | Reached skill level 1 in Ice Magic
  2793 | D:2      | Reached skill level 1 in Air Magic
  2793 | D:2      | Reached skill level 1 in Earth Magic
  2793 | D:2      | Reached skill level 1 in Poison Magic
  3353 | D:3      | Reached XP level 5. HP: 37/37 MP: 12/14
  3495 | D:3      | Noticed Grinder
  3661 | D:3      | Paralysed by Grinder for 5 turns
  3681 | D:3      | Paralysed by Grinder for 3 turns
  3688 | D:3      | Killed Grinder
  3689 | D:3      | Reached skill level 2 in Fighting
  3689 | D:3      | Reached skill level 2 in Short Blades
  3689 | D:3      | Reached skill level 2 in Long Blades
  3689 | D:3      | Reached skill level 2 in Axes
  3689 | D:3      | Reached skill level 2 in Maces & Flails
  3689 | D:3      | Reached skill level 2 in Polearms
  3689 | D:3      | Reached skill level 2 in Staves
  3689 | D:3      | Reached skill level 2 in Ranged Weapons
  3689 | D:3      | Reached skill level 2 in Throwing
  3689 | D:3      | Reached skill level 2 in Armour
  3689 | D:3      | Reached skill level 5 in Dodging
  3689 | D:3      | Reached skill level 2 in Shields
  3689 | D:3      | Reached skill level 2 in Unarmed Combat
  3689 | D:3      | Reached skill level 2 in Invocations
  3689 | D:3      | Reached skill level 2 in Evocations
  3689 | D:3      | Reached XP level 6. HP: 21/44 MP: 8/16
  3883 | D:3      | Found a faded altar of an unknown god.
  4040 | D:3      | Found an ornate altar of the Wu Jian Council.
  4042 | D:3      | Identified the +7 dagger of Springtime {vorpal, Will+
                  | rCorr}
  4190 | D:3      | Found a bloodstained altar of Trog.
  4446 | D:4      | Reached XP level 7. HP: 51/51 MP: 12/18
  4590 | D:4      | Reached skill level 2 in Hexes
  4590 | D:4      | Reached skill level 2 in Necromancy
  4590 | D:4      | Reached skill level 2 in Transmutations
  4590 | D:4      | Reached skill level 2 in Fire Magic
  4590 | D:4      | Reached skill level 2 in Ice Magic
  4590 | D:4      | Reached skill level 2 in Air Magic
  4590 | D:4      | Reached skill level 2 in Earth Magic
  4590 | D:4      | Reached skill level 2 in Poison Magic
  4689 | D:4      | Reached skill level 3 in Conjurations
  4689 | D:4      | Reached skill level 3 in Summonings
  4689 | D:4      | Reached skill level 3 in Translocations
  4775 | D:4      | Reached skill level 5 in Stealth
  5108 | D:4      | Reached skill level 3 in Invocations
  5314 | D:5      | Entered Level 5 of the Dungeon
  5490 | D:5      | Learned a level 3 spell: Conjure Flame
  5494 | D:5      | Learned a level 3 spell: Mephitic Cloud
  5497 | D:5      | Learned a level 2 spell: Passwall
  5724 | D:5      | Reached skill level 3 in Fighting
  5724 | D:5      | Reached skill level 3 in Short Blades
  5724 | D:5      | Reached skill level 3 in Long Blades
  5724 | D:5      | Reached skill level 3 in Axes
  5724 | D:5      | Reached skill level 3 in Maces & Flails
  5724 | D:5      | Reached skill level 3 in Polearms
  5724 | D:5      | Reached skill level 3 in Staves
  5724 | D:5      | Reached skill level 3 in Ranged Weapons
  5724 | D:5      | Reached skill level 3 in Throwing
  5724 | D:5      | Reached skill level 3 in Armour
  5724 | D:5      | Reached skill level 3 in Shields
  5724 | D:5      | Reached skill level 3 in Unarmed Combat
  5724 | D:5      | Reached skill level 3 in Evocations
  5724 | D:5      | Reached XP level 8. HP: 48/58 MP: 15/19
  5757 | D:5      | Learned a level 3 spell: Call Canine Familiar
  5865 | D:5      | Noticed a yak
  6017 | D:5      | Identified the +10 sling "Bobeggesk" {vorpal, +Blink}
  6070 | D:5      | Found a staircase to the Ecumenical Temple.
  6077 | Temple   | Entered the Ecumenical Temple
  6141 | Temple   | Became a worshipper of Ashenzari the Shackled
  6546 | D:6      | Found an iron altar of Okawaru.
  6593 | D:6      | Reached skill level 8 in Spellcasting
  6681 | D:6      | Found a hazy altar of Hepliaklqana.
  6721 | D:6      | Reached skill level 3 in Hexes
  6721 | D:6      | Reached skill level 3 in Necromancy
  6721 | D:6      | Reached skill level 3 in Transmutations
  6721 | D:6      | Reached skill level 3 in Fire Magic
  6721 | D:6      | Reached skill level 3 in Ice Magic
  6721 | D:6      | Reached skill level 3 in Air Magic
  6721 | D:6      | Reached skill level 3 in Earth Magic
  6721 | D:6      | Reached skill level 3 in Poison Magic
  6721 | D:6      | Reached skill level 4 in Invocations
  6771 | D:6      | Noticed Blork the orc
  6789 | D:6      | Killed Blork the orc
  6790 | D:6      | Reached skill level 6 in Dodging
  6808 | D:6      | Found an opulent altar of Gozag.
  7138 | D:6      | Got the Anthology of the Welkin and the Escort
  7222 | D:6      | Found a shadowy altar of Dithmenos.
  7254 | D:6      | Reached skill level 4 in Fighting
  7254 | D:6      | Reached skill level 4 in Short Blades
  7254 | D:6      | Reached skill level 4 in Long Blades
  7254 | D:6      | Reached skill level 4 in Axes
  7254 | D:6      | Reached skill level 4 in Maces & Flails
  7254 | D:6      | Reached skill level 4 in Polearms
  7254 | D:6      | Reached skill level 4 in Staves
  7254 | D:6      | Reached skill level 4 in Ranged Weapons
  7254 | D:6      | Reached skill level 4 in Throwing
  7254 | D:6      | Reached skill level 4 in Armour
  7254 | D:6      | Reached skill level 4 in Shields
  7254 | D:6      | Reached skill level 4 in Unarmed Combat
  7254 | D:6      | Reached skill level 4 in Conjurations
  7254 | D:6      | Reached skill level 4 in Summonings
  7254 | D:6      | Reached skill level 4 in Translocations
  7254 | D:6      | Reached skill level 4 in Evocations
  7254 | D:6      | Reached XP level 9. HP: 65/65 MP: 21/21
  7479 | D:6      | Learned a level 3 spell: Frozen Ramparts
  7543 | D:7      | Noticed Pikel
  7586 | D:7      | Reached skill level 6 in Stealth
  7644 | D:6      | Killed Pikel
  7645 | D:6      | Reached skill level 5 in Invocations
  7940 | D:7      | Reached skill level 4 in Hexes
  7940 | D:7      | Reached skill level 4 in Necromancy
  7940 | D:7      | Reached skill level 4 in Transmutations
  7940 | D:7      | Reached skill level 4 in Fire Magic
  7940 | D:7      | Reached skill level 4 in Ice Magic
  7940 | D:7      | Reached skill level 4 in Air Magic
  7940 | D:7      | Reached skill level 4 in Earth Magic
  7940 | D:7      | Reached skill level 4 in Poison Magic
  7945 | D:7      | Reached skill level 5 in Fighting
  7945 | D:7      | Reached skill level 5 in Short Blades
  7945 | D:7      | Reached skill level 5 in Long Blades
  7945 | D:7      | Reached skill level 5 in Axes
  7945 | D:7      | Reached skill level 5 in Maces & Flails
  7945 | D:7      | Reached skill level 5 in Polearms
  7945 | D:7      | Reached skill level 5 in Staves
  7945 | D:7      | Reached skill level 5 in Ranged Weapons
  7945 | D:7      | Reached skill level 5 in Throwing
  7945 | D:7      | Reached skill level 5 in Armour
  7945 | D:7      | Reached skill level 5 in Shields
  7945 | D:7      | Reached skill level 5 in Unarmed Combat
  7945 | D:7      | Reached skill level 5 in Evocations
  7945 | D:7      | Reached XP level 10. HP: 40/74 MP: 23/23
  8149 | D:7      | Found a sacrificial altar of Ru.
  8190 | D:7      | Found a blossoming altar of Fedhas.
  8215 | D:7      | Reached skill level 7 in Dodging
  8218 | D:7      | Found a radiant altar of Vehumet.
  8373 | D:7      | Noticed Joseph
  8384 | D:7      | Killed Joseph
  8385 | D:7      | Reached skill level 9 in Spellcasting
  8489 | D:7      | Found a glowing golden altar of the Shining One.
  8540 | D:7      | Noticed Menkaure
  8549 | D:7      | Killed Menkaure
  8687 | D:8      | Noticed Maurice
  8771 | D:8      | Reached skill level 5 in Conjurations
  8771 | D:8      | Reached skill level 5 in Summonings
  8771 | D:8      | Reached skill level 5 in Translocations
  8779 | D:7      | Killed Maurice
  8780 | D:7      | Reached skill level 6 in Invocations
  8825 | D:8      | Found a shimmering altar of Xom.
  8826 | D:8      | Reached * piety under Ashenzari
  8826 | D:8      | Identified a scroll of acquirement
  8894 | D:8      | Reached skill level 7 in Stealth
  8934 | D:8      | Found a white marble altar of Elyvilon.
  8969 | D:8      | Noticed Grum
  9006 | D:8      | Killed Grum
  9423 | D:8      | Found a snail-covered altar of Cheibriados.
  9830 | D:9      | Noticed a cyclops
  9861 | D:9      | Killed a cyclops
  9946 | D:9      | Reached skill level 6 in Fighting
  9946 | D:9      | Reached skill level 6 in Short Blades
  9946 | D:9      | Reached skill level 6 in Long Blades
  9946 | D:9      | Reached skill level 6 in Axes
  9946 | D:9      | Reached skill level 6 in Maces & Flails
  9946 | D:9      | Reached skill level 6 in Polearms
  9946 | D:9      | Reached skill level 6 in Staves
  9946 | D:9      | Reached skill level 6 in Ranged Weapons
  9946 | D:9      | Reached skill level 6 in Throwing
  9946 | D:9      | Reached skill level 6 in Armour
  9946 | D:9      | Reached skill level 6 in Shields
  9946 | D:9      | Reached skill level 6 in Unarmed Combat
  9946 | D:9      | Reached skill level 6 in Evocations
 10298 | D:9      | Reached skill level 5 in Hexes
 10298 | D:9      | Reached skill level 5 in Necromancy
 10298 | D:9      | Reached skill level 5 in Transmutations
 10298 | D:9      | Reached skill level 5 in Fire Magic
 10298 | D:9      | Reached skill level 5 in Ice Magic
 10298 | D:9      | Reached skill level 5 in Air Magic
 10298 | D:9      | Reached skill level 5 in Earth Magic
 10298 | D:9      | Reached skill level 5 in Poison Magic
 10298 | D:9      | Reached XP level 11. HP: 83/83 MP: 22/25
 10630 | D:9      | HP: 19/84 [poisoned by a hornet]
 10630 | D:9      | HP: 5/84 [hornet (14)]
 10635 | D:9      | HP: 14/84 [poisoned by a hornet]
 10639 | D:9      | HP: 3/84 [hornet (12)]
 10988 | D:10     | Entered Level 10 of the Dungeon
 11027 | D:10     | Noticed Urug
 11048 | D:10     | Reached ** piety under Ashenzari
 11210 | D:10     | Found Qotoixt's Book Boutique.
 11218 | D:10     | Bought a Young Poisoner's Handbook for 280 gold pieces
 11223 | D:10     | Learned a level 4 spell: Olgreb's Toxic Radiance
 11273 | D:10     | Noticed a two-headed ogre
 11282 | D:10     | Killed a two-headed ogre
 11283 | D:10     | Reached skill level 8 in Dodging
 11283 | D:10     | Reached skill level 7 in Invocations
 11508 | D:10     | Reached skill level 6 in Conjurations
 11508 | D:10     | Reached skill level 6 in Summonings
 11508 | D:10     | Reached skill level 6 in Translocations
 11561 | D:10     | Found a staircase to the Lair.
 11575 | D:10     | Noticed Fannar
 11621 | D:10     | Reached skill level 8 in Stealth
 11766 | D:9      | Reached skill level 10 in Spellcasting
 11821 | D:10     | Identified the ring of Vyt Teju {Str+6 Int+2 Stlth+}
 11865 | D:10     | Killed Fannar
 12002 | D:10     | Identified the amulet of Sith {Spirit Harm Fly rC- Int+2}
 12584 | D:11     | Reached skill level 7 in Fighting
 12584 | D:11     | Reached skill level 7 in Short Blades
 12584 | D:11     | Reached skill level 7 in Long Blades
 12584 | D:11     | Reached skill level 7 in Axes
 12584 | D:11     | Reached skill level 7 in Maces & Flails
 12584 | D:11     | Reached skill level 7 in Polearms
 12584 | D:11     | Reached skill level 7 in Staves
 12584 | D:11     | Reached skill level 7 in Ranged Weapons
 12584 | D:11     | Reached skill level 7 in Throwing
 12584 | D:11     | Reached skill level 7 in Armour
 12584 | D:11     | Reached skill level 7 in Shields
 12584 | D:11     | Reached skill level 7 in Unarmed Combat
 12584 | D:11     | Reached skill level 7 in Evocations
 12639 | D:11     | Noticed a cyclops
 12643 | D:11     | Killed a cyclops
 12799 | D:11     | Noticed a catoblepas
 12799 | D:11     | Noticed a fire giant
 12935 | D:11     | Noticed a two-headed ogre
 12957 | D:11     | Killed a two-headed ogre
 12958 | D:11     | Reached XP level 12. HP: 97/97 MP: 25/28
 13146 | D:11     | Reached skill level 6 in Hexes
 13146 | D:11     | Reached skill level 6 in Necromancy
 13146 | D:11     | Reached skill level 6 in Transmutations
 13146 | D:11     | Reached skill level 6 in Fire Magic
 13146 | D:11     | Reached skill level 6 in Ice Magic
 13146 | D:11     | Reached skill level 6 in Air Magic
 13146 | D:11     | Reached skill level 6 in Earth Magic
 13146 | D:11     | Reached skill level 6 in Poison Magic
 13282 | D:12     | Found a staircase to the Orcish Mines.
 13287 | D:12     | Found Jiaph's Weapon Emporium.
 13329 | D:12     | Found Gajeat's Magic Scroll Shop.
 13352 | D:12     | Noticed a two-headed ogre
 13362 | D:12     | Killed a two-headed ogre
 13363 | D:12     | Reached skill level 8 in Invocations
 13391 | D:12     | HP: 12/97 [vampire/vampiric draining (20)]
 13406 | D:12     | HP: 23/97 [vampire (5)]
 13407 | D:12     | HP: 5/97 [vampire/vampiric draining (19)]
 14041 | Orc:1    | Entered Level 1 of the Orcish Mines
 14154 | Orc:2    | Entered Level 2 of the Orcish Mines
 14440 | Orc:1    | Found a dark tunnel.
 14454 | Volcano  | Entered a volcano
 14518 | Volcano  | Noticed a centaur warrior
 14546 | Volcano  | Killed a centaur warrior
 14547 | Volcano  | Reached skill level 9 in Dodging
 14662 | Volcano  | Noticed a red draconian
 14681 | Volcano  | HP: 22/97 [red draconian/+0 broad axe of flaming (4)]
 15048 | Orc:1    | Found Wiomidum's Weapon Boutique.
 15093 | Orc:1    | Bought the +8 lance "Wyrmbane" {slay drac, rPois rF+ rC+
                  | AC+3} for 969 gold pieces
 15093 | Orc:1    | Found the +8 lance "Wyrmbane" {slay drac, rPois rF+ rC+
                  | AC+3}
 15094 | Orc:1    | Reached *** piety under Ashenzari
 15259 | Orc:2    | Noticed a sun demon
 15269 | Orc:2    | Found a staircase to the Elven Halls.
 15416 | Lair:1   | Entered Level 1 of the Lair of Beasts
 15496 | Lair:1   | Reached **** piety under Ashenzari
 15593 | Lair:1   | Learned a level 5 spell: Irradiate
 15598 | Lair:1   | Learned a level 4 spell: Summon Lightning Spire
 15774 | Lair:1   | Reached skill level 9 in Stealth
 15805 | Lair:1   | Reached skill level 7 in Conjurations
 15805 | Lair:1   | Reached skill level 7 in Summonings
 15805 | Lair:1   | Reached skill level 7 in Translocations
 15885 | Lair:1   | Reached skill level 8 in Fighting
 15885 | Lair:1   | Reached skill level 8 in Short Blades
 15885 | Lair:1   | Reached skill level 8 in Long Blades
 15885 | Lair:1   | Reached skill level 8 in Axes
 15885 | Lair:1   | Reached skill level 8 in Maces & Flails
 15885 | Lair:1   | Reached skill level 8 in Polearms
 15885 | Lair:1   | Reached skill level 8 in Staves
 15885 | Lair:1   | Reached skill level 8 in Ranged Weapons
 15885 | Lair:1   | Reached skill level 8 in Throwing
 15885 | Lair:1   | Reached skill level 8 in Armour
 15885 | Lair:1   | Reached skill level 8 in Shields
 15885 | Lair:1   | Reached skill level 8 in Unarmed Combat
 15885 | Lair:1   | Reached skill level 8 in Evocations
 16368 | Lair:2   | Noticed Maggie
 16380 | Lair:2   | Killed Maggie
 16511 | Lair:2   | Reached XP level 13. HP: 71/108 MP: 25/31
 16593 | Lair:2   | Reached skill level 9 in Invocations
 16614 | Lair:2   | Reached skill level 11 in Spellcasting
 16698 | Lair:2   | Reached skill level 7 in Hexes
 16698 | Lair:2   | Reached skill level 7 in Necromancy
 16698 | Lair:2   | Reached skill level 7 in Transmutations
 16698 | Lair:2   | Reached skill level 7 in Fire Magic
 16698 | Lair:2   | Reached skill level 7 in Ice Magic
 16698 | Lair:2   | Reached skill level 7 in Air Magic
 16698 | Lair:2   | Reached skill level 7 in Earth Magic
 16698 | Lair:2   | Reached skill level 7 in Poison Magic
 16900 | Lair:2   | Found a hole to the Spider Nest.
 17505 | Lair:3   | Found a frozen archway.
 17516 | IceCv    | Entered an ice cave
 17645 | IceCv    | Noticed a reaper
 17885 | IceCv    | Acquired 1006 gold pieces
 17951 | IceCv    | HP: 16/109 [reaper/+1 scythe of freezing (43)]
 17961 | IceCv    | Killed a reaper
 18271 | Lair:3   | Reached skill level 10 in Dodging
 18313 | Lair:3   | Found a staircase to the Shoals.
 19019 | Lair:4   | Reached skill level 9 in Fighting
 19019 | Lair:4   | Reached skill level 9 in Short Blades
 19019 | Lair:4   | Reached skill level 9 in Long Blades
 19019 | Lair:4   | Reached skill level 9 in Axes
 19019 | Lair:4   | Reached skill level 9 in Maces & Flails
 19019 | Lair:4   | Reached skill level 9 in Polearms
 19019 | Lair:4   | Reached skill level 9 in Staves
 19019 | Lair:4   | Reached skill level 9 in Ranged Weapons
 19019 | Lair:4   | Reached skill level 9 in Throwing
 19019 | Lair:4   | Reached skill level 9 in Armour
 19019 | Lair:4   | Reached skill level 9 in Shields
 19019 | Lair:4   | Reached skill level 9 in Unarmed Combat
 19019 | Lair:4   | Reached skill level 9 in Evocations
 19115 | Lair:4   | Reached skill level 10 in Stealth
 19239 | Lair:4   | Reached skill level 10 in Invocations
 19239 | Lair:4   | Reached XP level 14. HP: 118/118 MP: 33/33
 19252 | Lair:4   | Identified the +5 mace "Azocom" {vorpal, Fragile +Blink
                  | Int-5 Dex+9}
 19541 | Lair:4   | Reached skill level 8 in Conjurations
 19541 | Lair:4   | Reached skill level 8 in Summonings
 19541 | Lair:4   | Reached skill level 8 in Translocations
 19622 | Lair:4   | Reached skill level 8 in Ice Magic
 19855 | Lair:4   | Identified the +5 ring mail "Siruray" {Harm}
 20040 | Lair:5   | Entered Level 5 of the Lair of Beasts
 20214 | Lair:5   | Found a staircase to the Slime Pits.
 20215 | Lair:5   | Found a viscous altar of Jiyva.
 20343 | Lair:5   | Identified the +1 battleaxe "Concordance" {vorpal, rF+++
                  | rC- rN+ Int+4}
 21006 | Lair:5   | Learned a level 4 spell: Airstrike
 21337 | Orc:2    | Reached skill level 8 in Hexes
 21337 | Orc:2    | Reached skill level 8 in Necromancy
 21337 | Orc:2    | Reached skill level 8 in Transmutations
 21337 | Orc:2    | Reached skill level 8 in Fire Magic
 21337 | Orc:2    | Reached skill level 8 in Air Magic
 21337 | Orc:2    | Reached skill level 8 in Earth Magic
 21337 | Orc:2    | Reached skill level 8 in Poison Magic
 21566 | Orc:2    | HP: 25/116 [orc knight/+0 great mace (33)]
 21736 | Orc:2    | Found Ukidizoc's Jewellery Boutique.
 21761 | Orc:2    | Reached skill level 12 in Spellcasting
 21817 | Orc:2    | Found Yxall's Book Shoppe.
 21823 | Orc:2    | Found Vumoremm's Assorted Antiques.
 21825 | Orc:2    | Found Liddos's Book Boutique.
 22175 | D:10     | Found Qotoixt's Book Boutique.
 22304 | D:10     | Found a staircase to the Lair.
 22480 | D:10     | Killed Urug
 22874 | D:5      | Found an ancient bone altar of Kikubaaqudgha.
 22889 | D:5      | Found a glowing silver altar of Zin.
 22896 | D:5      | Found a stormy altar of Qazlal.
 23081 | Shoals:1 | Entered Level 1 of the Shoals
 23120 | Shoals:1 | Reached skill level 9 in Ice Magic
 23420 | Shoals:1 | Reached skill level 10 in Fighting
 23420 | Shoals:1 | Reached skill level 10 in Short Blades
 23420 | Shoals:1 | Reached skill level 10 in Long Blades
 23420 | Shoals:1 | Reached skill level 10 in Axes
 23420 | Shoals:1 | Reached skill level 10 in Maces & Flails
 23420 | Shoals:1 | Reached skill level 10 in Polearms
 23420 | Shoals:1 | Reached skill level 10 in Staves
 23420 | Shoals:1 | Reached skill level 10 in Ranged Weapons
 23420 | Shoals:1 | Reached skill level 10 in Throwing
 23420 | Shoals:1 | Reached skill level 10 in Armour
 23420 | Shoals:1 | Reached skill level 11 in Dodging
 23420 | Shoals:1 | Reached skill level 10 in Shields
 23420 | Shoals:1 | Reached skill level 10 in Unarmed Combat
 23420 | Shoals:1 | Reached skill level 10 in Evocations
 23453 | Shoals:1 | HP: 18/116 [merfolk javelineer/javelin (15)]
 23458 | Shoals:1 | HP: 19/116 [poisoned by a merfolk javelineer]
 23600 | Shoals:1 | HP: 28/116 [merfolk impaler/+0 trident (8)]
 23702 | Lair:3   | Learned a level 6 spell: Simulacrum
 23903 | Orc:2    | Bought a book of Ice for 644 gold pieces
 23909 | Orc:2    | Learned a level 5 spell: Freezing Cloud
 24398 | Shoals:1 | Reached XP level 15. HP: 91/123 MP: 31/34
 24427 | Shoals:1 | Found Natuitt's Antique Weapon Emporium.
 24450 | Shoals:1 | Reached skill level 11 in Invocations
 24711 | Shoals:2 | Reached skill level 11 in Stealth
 25415 | Shoals:2 | Reached skill level 9 in Conjurations
 25415 | Shoals:2 | Reached skill level 9 in Summonings
 25415 | Shoals:2 | Reached skill level 9 in Translocations
 25761 | Shoals:2 | Reached skill level 10 in Ice Magic
 25773 | Shoals:2 | Noticed a frost giant
 25785 | Shoals:2 | Killed a frost giant
 26403 | Shoals:3 | Reached skill level 9 in Hexes
 26403 | Shoals:3 | Reached skill level 9 in Necromancy
 26403 | Shoals:3 | Reached skill level 9 in Transmutations
 26403 | Shoals:3 | Reached skill level 9 in Fire Magic
 26403 | Shoals:3 | Reached skill level 9 in Air Magic
 26403 | Shoals:3 | Reached skill level 9 in Earth Magic
 26403 | Shoals:3 | Reached skill level 9 in Poison Magic
 26556 | Shoals:3 | Found Kage Bao's Self-Improvement Boutique.
 27195 | Shoals:4 | Entered Level 4 of the Shoals
 27339 | Shoals:4 | Reached XP level 16. HP: 84/132 MP: 12/35
 27356 | Shoals:4 | Reached skill level 11 in Fighting
 27356 | Shoals:4 | Reached skill level 11 in Short Blades
 27356 | Shoals:4 | Reached skill level 11 in Long Blades
 27356 | Shoals:4 | Reached skill level 11 in Axes
 27356 | Shoals:4 | Reached skill level 11 in Maces & Flails
 27356 | Shoals:4 | Reached skill level 11 in Polearms
 27356 | Shoals:4 | Reached skill level 11 in Staves
 27356 | Shoals:4 | Reached skill level 11 in Ranged Weapons
 27356 | Shoals:4 | Reached skill level 11 in Throwing
 27356 | Shoals:4 | Reached skill level 11 in Armour
 27356 | Shoals:4 | Reached skill level 11 in Shields
 27356 | Shoals:4 | Reached skill level 11 in Unarmed Combat
 27356 | Shoals:4 | Reached skill level 13 in Spellcasting
 27356 | Shoals:4 | Reached skill level 11 in Evocations
 27360 | Shoals:4 | Got a barnacled rune of Zot
 27597 | Shoals:4 | Reached skill level 12 in Invocations
 27617 | Shoals:4 | Reached skill level 12 in Dodging
 27671 | Shoals:4 | Reached skill level 11 in Ice Magic
 28285 | Shoals:4 | Found Ziogo's Vocational Training.
 28350 | Shoals:4 | Reached skill level 12 in Stealth
 29121 | D:13     | Found a gate to the Vaults.
 29366 | D:13     | Reached skill level 10 in Conjurations
 29366 | D:13     | Reached skill level 10 in Summonings
 29366 | D:13     | Reached skill level 10 in Translocations
 29438 | D:13     | Noticed Sonja
 29441 | D:13     | Killed Sonja
 29617 | D:13     | Reached skill level 12 in Maces & Flails
 30620 | D:14     | Noticed Louise
 30631 | Abyss:2  | Cast into level 2 of the Abyss (Louise)
 30760 | Abyss:2  | Noticed a tentacled starspawn
 30769 | Abyss:2  | HP: 31/134 [smoke demon/divine providence (11)]
 30789 | Abyss:2  | Noticed a lich
 30932 | Abyss:2  | Noticed an Executioner
 31332 | Abyss:2  | Noticed a tentacled starspawn
 31356 | Abyss:2  | Noticed a bone dragon
 31540 | Abyss:2  | Noticed a tentacled starspawn
 31542 | Abyss:2  | Noticed a tentacled monstrosity
 31571 | D:14     | Escaped the Abyss
 31697 | D:14     | Found Fif Nuez's Armour Shoppe.
 32074 | D:14     | Learned a level 4 spell: Fulminant Prism
 32104 | D:14     | Killed Louise
 32105 | D:14     | Reached XP level 17. HP: 108/140 MP: 12/37
 32333 | D:15     | Entered Level 15 of the Dungeon
 32416 | D:15     | Reached skill level 10 in Hexes
 32416 | D:15     | Reached skill level 10 in Necromancy
 32416 | D:15     | Reached skill level 10 in Transmutations
 32416 | D:15     | Reached skill level 10 in Fire Magic
 32416 | D:15     | Reached skill level 10 in Air Magic
 32416 | D:15     | Reached skill level 10 in Earth Magic
 32416 | D:15     | Reached skill level 10 in Poison Magic
 32425 | D:15     | Identified a lightning rod (4/4)
 32454 | D:15     | Found a gate leading to a gauntlet.
 32466 | Gauntlet | Entered a Gauntlet
 32466 | Gauntlet | Found a large runed translucent door.
 32466 | Gauntlet | Found a large runed translucent door.
 32466 | Gauntlet | Found a large runed translucent door.
 32466 | Gauntlet | Found a large runed translucent door.
 32466 | Gauntlet | Found a large runed translucent door.
 32466 | Gauntlet | Found a large runed translucent door.
 32466 | Gauntlet | Found a large runed translucent door.
 32466 | Gauntlet | Found a large runed translucent door.
 32466 | Gauntlet | Found a runed translucent door.
 32466 | Gauntlet | Found a runed translucent gate.
 32466 | Gauntlet | Found a transporter.
 32466 | Gauntlet | Found a transporter.
 32466 | Gauntlet | Found a runed translucent gate.
 32466 | Gauntlet | Found a transporter.
 32553 | Gauntlet | Found a runed translucent door.
 32553 | Gauntlet | Found a runed translucent gate.
 32555 | Gauntlet | Found a large runed translucent door.
 32555 | Gauntlet | Found a large runed translucent door.
 32555 | Gauntlet | Found a large runed translucent door.
 32555 | Gauntlet | Found a large runed translucent door.
 32556 | Gauntlet | Found a large runed translucent door.
 32556 | Gauntlet | Found a large runed translucent door.
 32557 | Gauntlet | Found a large runed translucent door.
 32557 | Gauntlet | Found a large runed translucent door.
 32568 | Gauntlet | Found the ring of Shadows {Umbra +Inv Stlth+}
 32572 | Gauntlet | Found a transporter.
 32582 | Gauntlet | Found a transporter.
 32582 | Gauntlet | Identified the amulet "Ciraagr Waom" {Regen+ Int+6 Slay+3}
 32586 | Gauntlet | Found a transporter.
 32602 | Gauntlet | Found a transporter.
 32618 | Gauntlet | Found a transporter.
 32627 | Gauntlet | Found a transporter.
 32627 | Gauntlet | Identified the ring of the Final Decision {Wiz Dex+4}
 32628 | Gauntlet | Found a transporter.
 32639 | Gauntlet | Found a transporter.
 32643 | Gauntlet | Found a transporter.
 32702 | Gauntlet | Identified the ring "Vuhur" {Int+5 SInv}
 32910 | Gauntlet | Reached skill level 12 in Ice Magic
 33014 | Gauntlet | Identified the +7 chain mail "Oshrizi" {Regen+ rCorr}
 33261 | D:15     | Identified the cursed +2 cloak of Ashenzari's Disgust
                  | {Alch, Elem} (You took it off Maurice on level 7 of the
                  | Dungeon)
 33261 | D:15     | Identified the cursed +2 helmet of Ashenzari's Secrets
                  | {Self, Cun} (You found it on level 4 of the Dungeon)
 33261 | D:15     | Identified the cursed +0 pair of boots "Prescient Morality"
                  | {Cun, Elem} (You found it on level 7 of the Dungeon)
 33261 | D:15     | Identified the cursed +2 leather armour of Curses and Power
                  | {rC+, Bglg, Elem} (You took it off a meliai on level 2 of
                  | the Lair of Beasts)
 33494 | D:15     | Found an iron altar of Okawaru.
 33700 | D:15     | Found a staircase to the Depths.
 34087 | Spider:1 | Entered Level 1 of the Spider Nest
 34087 | Spider:1 | Found a transporter.
 34125 | Spider:1 | Noticed Flure's ghost (adept DsFE)
 34157 | Spider:1 | Found a transporter.
 34158 | Spider:1 | Reached skill level 13 in Invocations
 34165 | Spider:1 | Reached skill level 12 in Fighting
 34165 | Spider:1 | Reached skill level 12 in Short Blades
 34165 | Spider:1 | Reached skill level 12 in Long Blades
 34165 | Spider:1 | Reached skill level 12 in Axes
 34165 | Spider:1 | Reached skill level 12 in Polearms
 34165 | Spider:1 | Reached skill level 12 in Staves
 34165 | Spider:1 | Reached skill level 12 in Ranged Weapons
 34165 | Spider:1 | Reached skill level 12 in Throwing
 34165 | Spider:1 | Reached skill level 12 in Armour
 34165 | Spider:1 | Reached skill level 12 in Shields
 34165 | Spider:1 | Reached skill level 12 in Unarmed Combat
 34165 | Spider:1 | Reached skill level 12 in Evocations
 34452 | Spider:1 | HP: 32/142 [redback (10)]
 34454 | Spider:1 | Reached skill level 13 in Maces & Flails
 34924 | Spider:1 | Reached ***** piety under Ashenzari
 34971 | Spider:1 | Reached skill level 13 in Dodging
 34971 | Spider:1 | Reached skill level 14 in Spellcasting
 35231 | Spider:2 | Noticed Agnes
 35352 | Spider:2 | Killed Agnes
 35519 | Spider:2 | Reached skill level 13 in Stealth
 36473 | Spider:3 | Identified a lightning rod (4/4)
 36950 | Spider:3 | Reached XP level 18. HP: 122/151 MP: 14/39
 37370 | Spider:3 | Noticed Mlioglotl
 37377 | Spider:3 | Reached skill level 13 in Ice Magic
 37390 | Spider:3 | Killed Mlioglotl
 37792 | Spider:4 | Entered Level 4 of the Spider Nest
 37844 | Spider:4 | Identified the Parchment of Fetid Conflagration
 37940 | Spider:4 | Noticed Kirke
 38025 | Spider:4 | Reached skill level 14 in Maces & Flails
 38036 | Spider:4 | Noticed Roxanne
 38060 | Spider:4 | Killed Roxanne
 38097 | Spider:4 | Reached skill level 11 in Conjurations
 38097 | Spider:4 | Reached skill level 11 in Summonings
 38097 | Spider:4 | Reached skill level 11 in Translocations
 38212 | Spider:4 | Identified the +1 hat of Gozag's Reproof {Will+}
 38590 | Spider:4 | Reached skill level 14 in Invocations
 38924 | Spider:4 | Killed Kirke
 39104 | Spider:4 | Reached skill level 11 in Hexes
 39104 | Spider:4 | Reached skill level 11 in Necromancy
 39104 | Spider:4 | Reached skill level 11 in Transmutations
 39104 | Spider:4 | Reached skill level 11 in Fire Magic
 39104 | Spider:4 | Reached skill level 11 in Air Magic
 39104 | Spider:4 | Reached skill level 11 in Earth Magic
 39104 | Spider:4 | Reached skill level 11 in Poison Magic
 39359 | Spider:4 | Identified the +0 hat of Sloth {Stlth+}
 39367 | Spider:4 | Identified the +1 hat of Wrong Decisions {Dex+4}
 39391 | Spider:4 | Reached skill level 13 in Fighting
 39391 | Spider:4 | Reached skill level 13 in Short Blades
 39391 | Spider:4 | Reached skill level 13 in Long Blades
 39391 | Spider:4 | Reached skill level 13 in Axes
 39391 | Spider:4 | Reached skill level 13 in Polearms
 39391 | Spider:4 | Reached skill level 13 in Staves
 39391 | Spider:4 | Reached skill level 13 in Ranged Weapons
 39391 | Spider:4 | Reached skill level 13 in Throwing
 39391 | Spider:4 | Reached skill level 13 in Armour
 39391 | Spider:4 | Reached skill level 13 in Shields
 39391 | Spider:4 | Reached skill level 13 in Unarmed Combat
 39391 | Spider:4 | Reached skill level 13 in Evocations
 39598 | Spider:4 | Got a gossamer rune of Zot
 39971 | Vaults:1 | Entered Level 1 of the Vaults
 40193 | Spider:1 | Learned a level 7 spell: Orb of Destruction
 40200 | Spider:1 | Learned a level 6 spell: Statue Form
 40442 | Vaults:1 | Identified the cursed +2 pair of gloves "At What Cost
                  | Knowledge?" {Alch, Elem} (You found it on level 15 of the
                  | Dungeon)
 40464 | Vaults:1 | HP: 15/149 [disintegration (43)]
 40494 | Vaults:1 | HP: 35/149 [lindwurm/blast of flame (15)]
 40499 | Vaults:1 | HP: 30/149 [lindwurm/blast of flame (10)]
 40691 | D:13     | HP: 32/149 [war gargoyle/+0 flail[a peacekeeper] (20)]
 40697 | D:13     | Mangled by a war gargoyle

Illustrated notes

Levels and vault maps discovered:
D:1:      lemuel_arrival_funnel, layout_loops_corners
D:2:      layout_loops_corners, uniq_jessica
D:3:      layout_rooms, lemuel_coloured_pillars_altar,
          nicolae_wu_jian_wuxing_cycle, shapermc_ecumenical_altar_flowoftime,
          chequers_serial_rivers_large_a, dk_noncrumbling_3,
          kennysheep_generic_room_9, uniq_grinder
D:4:      layout_gridville
D:5:      layout_basic, minmay_overflow_temple_star_quad,
          minmay_temple_entry_overgrown
D:6:      layout_loops_corners, mainiacjoe_overflow_surrounded_room,
          mainiacjoe_overflow_catwalk, grunt_gozag_statues,
          mainiacjoe_overflow_chevrons, uniq_blork_the_orc
D:7:      layout_cave_pools, nicolae_tso_swordbearing_angel,
          nicolae_vehumet_altar_sigil, mainiacjoe_overflow_24_doors,
          lemuel_doored_altar, kennysheep_path_1, minmay_gold_behind_fungi,
          uniq_joseph, uniq_pikel, uniq_menkaure
D:8:      layout_basic, mainiacjoe_overflow_cross_hatched, elyvilon_altar_5,
          mainiacjoe_overflow_small_starburst, uniq_maurice, uniq_grum
D:9:      layout_loops_ring, grunt_ministairs_13
D:10:     minmay_inner_zag, layout_cross, lair_entry_dummy, serial_shops,
          nicolae_shop_crystal, uniq_urug, uniq_fannar
D:11:     minmay_glassy_protrusions, layout_basic
D:12:     cheibrodos_quadrivalence, layout_loops_ring, orc_david_3,
          serial_shops, shop
D:13:     layout_loops_ring, erik_vaults_2, grunt_tough_drop, uniq_sonja
D:14:     layout_basic, serial_shops, nicolae_shop_statue_plus, uniq_louise
D:15:     grunt_enter_depths_magical_seal, layout_rooms, serial_aquarium,
          aquarium_bridge_straight [aquarium_subvault_bridge,
          aquarium_subvault_balcony, aquarium_subvault_bridge,
          aquarium_subvault_window], aquarium_window_1, aquarium_window_fake,
          aquarium_window_3, aquarium_view_2d, aquarium_view_2d,
          okawaru_ov_weapons_minmay, gauntlet_entry_generic
Temple:   nicolae_temple_ecumenical_triangle
Lair:1:   wad_woods_pond, layout_big_grid
Lair:2:   layout_roguey, hellmonk_spider_entry_not_the_bees, grunt_megastairs_2,
          lemuel_fruit_fields, uniq_maggie
Lair:3:   layout_big_grid, minmay_shoals_entry_lonely_mermaid,
          portal_ice_cave_entry_pillars_2
Lair:4:   layout_cave_pods, chequers_serial_rivers_micro_a,
          minmay_lindwurm_lava, infiniplex_staircase_pool_2,
          serial_bayou_shore_b
Lair:5:   due_jungle_book, layout_cave_shapes, dpeg_slime_entry_corner,
          minivault_11
Shoals:1: layout_shoals, serial_shops, nicolae_shop_stone,
          nicolae_shoals_mertower
Shoals:2: layout_shoals, st_shoals_ruin
Shoals:3: layout_shoals, nicolae_shop_self_help
Shoals:4: shoals_end_simple, layout_shoals, nicolae_shop_vocational
Spider:1: layout_spider_delve, nzn_ghost_randoct
Spider:2: layout_spider_delve, uniq_agnes
Spider:3: layout_cave_pods, nicolae_spider_claw_tunnel, uniq_mlioglotl
Spider:4: grunt_spider_rune_circles, nicolae_spider_acid_house, uniq_kirke,
          uniq_roxanne
Orc:1:    layout_caves, serial_shops,
          nicolae_shop_temple_entry_statues_fountains, enter_volcano_1
Orc:2:    st_orc_elflike, layout_diamond_mine
Vaults:1: v_rooms_3, nicolae_vaults_triangles, nicolae_vaults_bisected_slash,
          nicolae_vaults_display_case, dpeg_vaults_monster_box, v_misc_28,
          nicolae_vaults_ninety_degrees, nicolae_vaults_network_quinsquares
          [nicolae_vaults_network_quincunx_subvault,
          nicolae_vaults_network_quincunx_subvault,
          nicolae_vaults_network_quincunx_subvault,
          nicolae_vaults_network_quincunx_subvault], nicolae_vaults_rhombus_6,
          vaults_room_grid, layout_vaults_ring, serial_shops,
          nicolae_shop_hallway_plus

Skill      XL: |  1  2  3  4  5  6  7  8  9 10 11 12 13 14 15 16 17 18 |
---------------+-------------------------------------------------------+-----
Conjurations   | 2 3 4 5 6 7 8 9 10 11 | 11.4
Summonings     | 2 3 4 5 6 7 8 9 10 11 | 11.4
Translocations | 2 3 4 5 6 7 8 9 10 11 | 11.4
Invocations    | 1 2 3 4 5 6 7 8 10 11 12 13 14 | 14.2
Fighting       | 1 2 3 4 5 6 7 8 9 10 11 12 13 | 13.1
Short Blades   | 1 2 3 4 5 6 7 8 9 10 11 12 13 | 13.1
Long Blades    | 1 2 3 4 5 6 7 8 9 10 11 12 13 | 13.1
Axes           | 1 2 3 4 5 6 7 8 9 10 11 12 13 | 13.1
Maces & Flails | 1 2 3 4 5 6 7 8 9 10 12 13 14 | 14.9
Polearms       | 1 2 3 4 5 6 7 8 9 10 11 12 13 | 13.1
Staves         | 1 2 3 4 5 6 7 8 9 10 11 12 13 | 13.1
Ranged Weapons | 1 2 3 4 5 6 7 8 9 10 11 12 13 | 13.1
Throwing       | 1 2 3 4 5 6 7 8 9 10 11 12 13 | 13.1
Armour         | 1 2 3 4 5 6 7 8 9 10 11 12 13 | 13.1
Shields        | 1 2 3 4 5 6 7 8 9 10 11 12 13 | 13.1
Unarmed Combat | 1 2 3 4 5 6 7 8 9 10 11 12 13 | 13.1
Evocations     | 1 2 3 4 5 6 7 8 9 10 11 12 13 | 13.1
Hexes          | 1 2 3 4 5 6 7 8 9 10 11 | 11.1
Necromancy     | 1 2 3 4 5 6 7 8 9 10 11 | 11.1
Transmutations | 1 2 3 4 5 6 7 8 9 10 11 | 11.1
Fire Magic     | 1 2 3 4 5 6 7 8 9 10 11 | 11.1
Ice Magic      | 1 2 3 4 5 6 7 9 10 11 12 13 | 13.8
Air Magic      | 1 2 3 4 5 6 7 8 9 10 11 | 11.1
Earth Magic    | 1 2 3 4 5 6 7 8 9 10 11 | 11.1
Poison Magic   | 1 2 3 4 5 6 7 8 9 10 11 | 11.1
Dodging        | 5 6 7 8 9 10 11 12 13 | 13.9
Stealth        | 5 6 7 8 9 10 11 12 13 | 13.8
Spellcasting   | 8 9 10 11 12 13 14 | 14.8

Action                   |  1- 3 |  4- 6 |  7- 9 | 10-12 | 13-15 | 16-18 || total
-------------------------+-------+-------+-------+-------+-------+-------++-------
Melee: Dagger            |     9 |    65 |    51 |    21 |       |       ||   146
       Quarterstaff      |     3 |     2 |       |       |       |       ||     5
       Bite              |       |    13 |       |     3 |     6 |    59 ||    81
       Punch             |       |     3 |     2 |     1 |       |       ||     6
       Sling             |       |       |       |     1 |     1 |       ||     2
       Lance             |       |       |       |     6 |    74 |   467 ||   547
 Fire: Sling             |       |     3 |   130 |   804 |  1056 |   235 ||  2228
Throw: Javelin           |       |       |       |       |       |     2 ||     2
 Cast: Magic Dart        |   106 |    97 |    62 |       |       |       ||   265
       Slow              |       |     2 |       |       |     1 |       ||     3
       Call Imp          |       |     1 |     2 |     9 |     1 |       ||    13
       Blink             |       |     1 |       |     4 |     5 |    12 ||    22
       Call Canine Famil |       |       |     4 |    16 |     2 |     1 ||    23
       Frozen Ramparts   |       |       |     1 |     4 |     5 |       ||    10
       Conjure Flame     |       |       |       |    24 |     2 |       ||    26
       Olgreb's Toxic Ra |       |       |       |    11 |    27 |    38 ||    76
       Mephitic Cloud    |       |       |       |     1 |       |       ||     1
       Summon Lightning  |       |       |       |     1 |    50 |    14 ||    65
       Irradiate         |       |       |       |       |     3 |     1 ||     4
       Airstrike         |       |       |       |       |     5 |     2 ||     7
       Freezing Cloud    |       |       |       |       |    23 |    81 ||   104
       Simulacrum        |       |       |       |       |    28 |   141 ||   169
       Fulminant Prism   |       |       |       |       |       |     2 ||     2
       Statue Form       |       |       |       |       |       |     2 ||     2
Invok: Curse Item        |       |       |     1 |     5 |     2 |     3 ||    11
       Shatter the Chain |       |       |       |       |     1 |     2 ||     3
Evoke: Wand              |       |       |       |       |       |    11 ||    11
  Use: Scroll            |       |     7 |     6 |     1 |    10 |    17 ||    41
       Potion            |       |       |       |     5 |     2 |     3 ||    10
 Stab: Sleeping          |     2 |       |     1 |     1 |     2 |     7 ||    13
       Distracted        |       |       |       |       |       |     6 ||     6
Armor: Robe              |     3 |     4 |    22 |   103 |    76 |       ||   208
       Leather armour    |       |       |       |       |    51 |   209 ||   260
       Skin              |       |       |       |       |       |    10 ||    10
Dodge: Dodged            |    34 |    21 |    64 |   397 |   516 |   569 ||  1601
Block: Buckler           |       |       |       |       |   139 |   253 ||   392

Table legend: (Time is in decaauts)
 A = Elapsed time spent in this place.
 B = Non-inter-level travel time spent in this place.
 C = Inter-level travel time spent in this place.
 D = Time resting spent in this place.
 E = Time spent auto-exploring this place.
 F = Levels seen in this place.
 G = Mean time per level.
                   A        B        C        D        E       F      G
               +--------+--------+--------+--------+--------+-----+--------+
         Total |  41242 |  36091 |   5151 |    940 |  24193 |  36 | 1145.6 |
       Dungeon |  19647 |  16706 |   2941 |    192 |  12882 |  15 | 1309.8 |
        Temple |     66 |     58 |      8 |      0 |     27 |   1 |   66.0 |
          Lair |   5611 |   4666 |    945 |      0 |   3696 |   5 | 1122.2 |
        Shoals |   5405 |   4951 |    454 |     26 |   3502 |   4 | 1351.2 |
   Spider Nest |   5750 |   5319 |    431 |    579 |   2352 |   4 | 1437.5 |
  Orcish Mines |   2033 |   1665 |    368 |     65 |   1006 |   2 | 1016.5 |
        Vaults |    300 |    298 |      2 |      0 |      0 |   1 |  300.0 |
         Abyss |    937 |    937 |      0 |     14 |      0 |   1 |  937.0 |
      Ice Cave |    622 |    622 |      0 |      0 |    294 |   1 |  622.0 |
       Volcano |    223 |    223 |      0 |     64 |     65 |   1 |  223.0 |
      Gauntlet |    646 |    646 |      0 |      0 |    368 |   1 |  646.0 |
               +--------+--------+--------+--------+--------+-----+--------+

Top non-repeatable levels by time:
Spider:4: 1917 daAuts
    D:10: 1785 daAuts
    D:13: 1782 daAuts
     D:2: 1773 daAuts
     D:1: 1667 daAuts
Shoals:2: 1564 daAuts
    D:11: 1504 daAuts
Shoals:4: 1451 daAuts
Spider:3: 1398 daAuts
   Orc:2: 1394 daAuts
     D:6: 1362 daAuts
     D:9: 1318 daAuts
  Lair:2: 1315 daAuts
Spider:1: 1250 daAuts
Shoals:3: 1200 daAuts

Table legend:
 A = Kills in this place as a percentage of kills in entire the game.
 B = Kills by you in this place as a percentage of kills by you in the entire game.
 C = Kills by friends in this place as a percentage of kills by friends in the entire game.
 D = Other kills in this place as a percentage of other kills in the entire game.
 E = Experience gained in this place as a percentage of experience gained in the entire game.
 F = Experience gained in this place divided by the number of levels of this place that you have seen.
                   A       B       C       D       E      F
               +-------+-------+-------+-------+-------+----------------------
         Total | 100.0 | 100.0 | 100.0 |   N/A | 100.0 | 8684.8
       Dungeon |  36.8 |  46.8 |  11.2 |   N/A |  21.3 | 4431.8
          Lair |  12.4 |  16.2 |   2.9 |   N/A |  10.9 | 6808.6
        Shoals |  14.4 |  10.3 |  25.2 |   N/A |  24.3 | 18972.5
   Spider Nest |  22.6 |  10.8 |  52.9 |   N/A |  32.6 | 25459.2
  Orcish Mines |   6.5 |   8.4 |   1.4 |   N/A |   3.3 | 5228.5
        Vaults |   2.2 |   1.8 |   3.2 |   N/A |   4.1 | 12857.0
         Abyss |   0.3 |   0.4 |   0.0 |   N/A |   0.2 | 648.0
      Ice Cave |   3.0 |   3.4 |   2.2 |   N/A |   1.6 | 5151.0
       Volcano |   0.5 |   0.7 |   0.0 |   N/A |   0.5 | 1534.0
      Gauntlet |   1.2 |   1.3 |   1.1 |   N/A |   1.2 | 3759.0
               +-------+-------+-------+-------+-------+----------------------
